 Dungeon Sprint DCSS version 0.30.0-18-gc0e69614cb (webtiles) character file.

Game seed: 16521603737883605821

0 urmum the Conjurer (level 1, -1/14 HPs)
             Began as a Demigod Conjurer on May 24, 2023.
             Succumbed to a kobold brigand's poison
             ... in the Dungeon (Sprint VI: "Thunderdome").
             The game lasted 00:02:57 (43 turns).

urmum the Conjurer (Demigod Conjurer)                 Turns: 43, Time: 00:02:58

Health: -1/14      AC:  2    Str:  8    XL:     1   Next: 26%
Magic:  2/5        EV: 12    Int: 20    God:
Gold:   200        SH:  0    Dex: 12    Spells: 2/3 levels left

rFire   . . .        (no weapon)
rCold   . . .        (no shield)
rNeg    . . .        a - +0 robe
rPois   .            (no helmet)
rElec   .            (no cloak)
rCorr   .            (no gloves)
SInv    .            (no boots)
Will    .....        (no amulet)
Stlth   ++           (no ring)
HPRegen 0.22/turn    (no ring)
MPRegen 0.09/turn

%: no teleportation
@: lethally poisoned (-1 -> -21)
A: high MP 1, forlorn, divine attributes
a: no special abilities


You were in the Dungeon.
You visited 1 branch You collected 200 gold pieces.

Inventory:

Armour
 a - a +0 robe (worn)
Wands
 h - a wand of quicksilver (5)
 i - a wand of roots (5)
Scrolls
 g - 4 scrolls of blinking
 j - 3 scrolls of fog
Potions
 b - 3 potions of magic
 c - a potion of curing
 d - 3 potions of heal wounds
 e - 4 potions of haste
 f - a potion of berserk rage
 k - a potion of resistance


   Skills:
 + Level 1.9 Dodging
 + Level 1.8 Stealth
 + Level 1.9 Spellcasting
 + Level 4.3 Conjurations


You had 2 spell levels left.
You knew the following spells:

 Your Spells              Type           Power      Damage    Failure   Level
a - Magic Dart            Conj           76%        1d6       2%          1

Your spell library contained the following spells:

 Spells                   Type           Power      Damage    Failure   Level
 Searing Ray              Conj           38%        2d5       4%          2
 Dazzling Flash           Conj/Hex       20%        N/A       21%         3
 Fulminant Prism          Conj/Hex       5%         3d6       54%         4
 Iskenderun's Mystic Bla  Conj/Tloc      10%        2d4       54%         4


Dungeon Overview and Level Annotations

Branches:
Dungeon (1/1)

Shops:
D *[???:(


Innate Abilities, Weirdness & Mutations

You have an increased reservoir of magic. (+10% MP)
You shall have no god before yourself.
Your divine heritage dramatically boosts your attributes as you level up.


Message History

Confirm with . or Enter, or press ? or * to list all spells.
Aiming: Magic Dart (safe; 3% risk of failure)
Press: ? - help, Shift-Dir - straight line, f/p - hobgoblin
Aim: a hobgoblin (severely wounded, 100% to hit)
The magic dart hits the hobgoblin.
You kill the hobgoblin!
You see here a hobgoblin corpse.
Found a glowing golden altar of the Shining One.
Your magical contamination has completely faded away.
Found a bloodstained altar of Trog.
A kobold brigand comes into view.
It is wielding a +0 short sword of venom and quivering poisoned darts.
Found Woucs's Magic Scroll Shop.
Found three shops.
Found a basalt altar of Yredelemnul and a stormy altar of Qazlal.
The kobold brigand shouts!
The kobold brigand throws a poisoned dart.
The poisoned dart hits you!
You are poisoned.
You feel sick.
The kobold brigand throws a poisoned dart.
The poisoned dart hits you.
You are lethally poisoned!
You feel very sick.
You feel very sick.
The kobold brigand throws a poisoned dart.
The poisoned dart hits you!
You are more poisoned.
Casting: Magic Dart (safe; 2% risk of failure)
Confirm with . or Enter, or press ? or * to list all spells.
Aiming: Magic Dart (safe; 2% risk of failure)
Press: ? - help, Shift-Dir - straight line, f - kobold brigand
Aim: a kobold brigand, wielding a +0 short sword of venom and quivering poisoned darts (100% to hit)
The magic dart hits the kobold brigand.
The kobold brigand is lightly wounded.
* * * LOW HITPOINT WARNING * * *
You feel very sick.
The kobold brigand throws a poisoned dart.
The poisoned dart hits you!
You are more poisoned.
You die...

#_........
###....K....###
#⌠...........⌠#
######.8.........8.#
##.___......###......
###∩........8.# .8..
##.............###..
#⌠..........###...#
#⌠......†).@# #.<.#
#⌠..........###...#
##.............###.....
###∩........8.# .8...
##∩___......# .....
######.8...... ..8.#
#⌠........ ..⌠#
###.........###
#_.......


You could see a kobold brigand.

Vanquished Creatures
  A goblin (D)
  A hobgoblin (D)
2 creatures vanquished.

Notes
Turn   | Place    | Note
-------+----------+-------------------------------------------
     0 | D        | urmum the Demigod Conjurer began the quest for the Orb.
     0 | D        | Reached XP level 1. HP: 14/14 MP: 5/5
     4 | D        | Found Gytinkig's Identification Station.
     5 | D        | Found Zughic's Advanced Armour.
     5 | D        | Found Racramm's Jewellery.
     5 | D        | Round 1.
    24 | D        | Reached skill level 4 in Conjurations
    34 | D        | Found Woucs's Magic Scroll Shop.
    34 | D        | Noticed a kobold brigand
    35 | D        | Found Kaut's Staff Store.
    35 | D        | Found Benwedi's Magic Scroll Shop.
    35 | D        | Found Erisioc's Must-Have Magic.
    43 | D        | Succumbed to a kobold brigand's poison

Illustrated notes

Levels and vault maps discovered:
D:        arena_sprint

Skill      XL: |  1 |
---------------+----+-----
Conjurations   | 4 |  4.3
Dodging        | |  1.9
Stealth        | |  1.8
Spellcasting   | |  1.9

Action                     || total
---------------------------++-------
  Melee: Unarmed           ||     3
   Cast: Magic Dart        ||     4
    Use: Potion            ||     1
 Armour: Robe              ||     1
  Dodge: Dodged            ||     1
